 Seeded DCSS version 0.31-a0-208-gdb31a4691d (webtiles) character file.

Game seed: 11368340539538574604 (custom seed)

446 innerfire43 the Trooper (level 6, 0/51 HPs)
             Began as a Demonspawn Monk on June 28, 2023.
             Was a Believer of Nemelex Xobeh.
             Succumbed to Ijyb's poison
             ... in the Ecumenical Temple.
             The game lasted 00:04:05 (3158 turns).

innerfire43 the Trooper (Demonspawn Monk)           Turns: 3158, Time: 00:04:06

Health: 0/51       AC: 12    Str: 14    XL:     6   Next: 73%
Magic:  6/6        EV: 14    Int: 11    God:    Nemelex Xobeh [**....]
Gold:   253        SH:  0    Dex: 15    Spells: 5/5 levels left

rFire   . . .        j - +0 mace (protect)
rCold   . . .        d - orb {light}
rNeg    . . .        b - +0 robe
rPois   .            z - +0 helmet
rElec   .            x - +0 cloak
rCorr   .            i - +0 pair of gloves
SInv    .            (no boots)
Will    .....        (no amulet)
Stlth   +            (no ring)
HPRegen 0.28/turn    (no ring)
MPRegen 0.10/turn

%: no passive effects
@: lethally poisoned (0 -> -9), under a protective aura, glowing
A: hooves 1, powered by death 1, spiny 1
a: Renounce Religion, Draw Escape, Draw Destruction, Draw Summoning


You were in the Ecumenical Temple.
You worshipped Nemelex Xobeh.
Nemelex Xobeh was pleased with you.
You visited 2 branches of the dungeon, and saw 5 of its levels.

You collected 253 gold pieces.

Inventory:

Hand Weapons
 a - a +0 mace
 j - a +0 mace of protection (weapon)
 w - a +2 quarterstaff of chaos
 y - a +2 heavy morningstar
Missiles
 o - 2 throwing nets
Armour
 b - a +0 robe (worn)
 d - an orb of light (worn)
 i - a +0 pair of gloves (worn)
 x - a +0 cloak (worn)
 z - a +0 helmet (worn)
Wands
 q - a wand of iceblast (6)
Scrolls
 e - 2 scrolls of fog {unknown}
 f - a scroll of torment {unknown}
 k - 4 scrolls of identify {unknown}
 l - 3 scrolls of teleportation {unknown}
 n - a scroll of butterflies {unknown}
 r - a scroll of immolation {unknown}
 u - a scroll of blinking {unknown}
 v - a scroll of enchant weapon {unknown}
Potions
 c - a potion of ambrosia
 g - 2 potions of enlightenment {unknown}
 h - a potion of heal wounds
 m - 3 potions of curing {unknown}
 p - a potion of magic {unknown}
 s - 2 potions of brilliance {unknown}
 t - 2 potions of mutation {unknown}


   Skills:
 + Level 5.1 Fighting
 + Level 4.5 Maces & Flails
 + Level 4.5 Dodging


You had 5 spell levels left.
You didn't know any spells.
Your spell library was empty.

Dungeon Overview and Level Annotations

Branches:
Dungeon (4/15)             Temple (1/1) D:4

Altars:
Ashenzari
Dithmenos
Fedhas
Hepliaklqana
Nemelex Xobeh
Okawaru
Ru
Trog
Uskayaw
Vehumet
Wu Jian
Xom
Yredelemnul

Shops:
D:1 ?

Annotations:
Temple Ijyb


Innate Abilities, Weirdness & Mutations

You have large cloven feet.
You regenerate a little health from kills.
You are partially covered in sharp spines.


Message History

Ijyb is moderately wounded.
Ijyb hits you but does no damage.
You are poisoned.
You hit Ijyb but do no damage. Your kick misses Ijyb.
Ijyb is moderately wounded.
You feel very sick.
Ijyb zaps a wand.
Your mind is blasted!
You thump Ijyb!
Ijyb is heavily wounded.
You feel sick.
Ijyb zaps a wand.
Your mind is blasted!
You barely miss Ijyb.
Ijyb is heavily wounded.
You feel sick. Ijyb is struck by your spines. Ijyb closely misses you.
You are too injured to fight recklessly!
You are too injured to fight recklessly!
You are too injured to fight recklessly!
You hit Ijyb. You kick Ijyb, but do no damage.
Ijyb is severely wounded.
You feel sick.
Ijyb zaps a wand.
Your mind is blasted!
You hit Ijyb but do no damage.
Ijyb is severely wounded.
You feel sick. Ijyb hits you but does no damage.
You are more poisoned.
You hit Ijyb. You kick Ijyb, but do no damage.
Ijyb is severely wounded.
You feel sick. Ijyb hits you but does no damage.
You are lethally poisoned!
Ijyb zaps a wand.
Your mind is blasted!
* * * LOW HITPOINT WARNING * * *
You hit Ijyb but do no damage.
Ijyb is severely wounded.
* * * LOW HITPOINT WARNING * * *
You feel very sick. Ijyb closely misses you.
* * * LOW HITPOINT WARNING * * *
You feel very sick. Ijyb barely misses you.
You climb downwards.
Welcome back to the Ecumenical Temple!
You die...
Your body glows slightly brighter and disappears.

≈≈≈≈≈≈≈≈≈≈≈......#
≈≈≈≈≈≈≈≈≈≈≈......#
≈≈.....≈≈≈≈≈.._..##
..........≈≈......#
...._.............#
..................##
.........._........#
....#..........†...#
.#######........@..#
## ####.....g..#
####.....# #######


You could see Ijyb.

Vanquished Creatures
  Sigmund (D:3)
  Crazy Yiuf (D:3)
  An iguana (Temple)
  Terence (D:3)
  Robin (D:3)
  7 adders
  4 gnolls
  A worm (D:2)
  2 dart slugs
  5 orcs
  11 ball pythons
  5 endoplasms
  3 giant cockroaches
  10 goblins
  12 hobgoblins
  3 jackals (D:4)
  3 bats
  2 frilled lizards
  8 kobolds
  3 rats
84 creatures vanquished.

Notes
Turn   | Place    | Note
-------+----------+-------------------------------------------
     0 | D:1      | innerfire43 the Demonspawn Monk began the quest for the
                  | Orb.
     0 | D:1      | Reached XP level 1. HP: 18/18 MP: 1/1
   203 | D:1      | Found Voneorhazarph's Magic Scroll Emporium.
   210 | D:1      | Gained mutation: You have large cloven feet. [demonic
                  | ancestry]
   210 | D:1      | Reached XP level 2. HP: 24/24 MP: 2/2
   561 | D:1      | Reached XP level 3. HP: 28/29 MP: 3/3
   950 | D:2      | Gained mutation: You are partially covered in sharp spines.
                  | [demonic ancestry]
   950 | D:2      | Reached XP level 4. HP: 30/37 MP: 4/4
  1480 | D:2      | Found a faded altar of an unknown god.
  1585 | D:3      | Noticed Robin
  1607 | D:2      | Reached skill level 4 in Fighting
  1659 | D:3      | Killed Robin
  1822 | D:3      | Reached XP level 5. HP: 42/42 MP: 5/5
  2028 | D:3      | Found a runed translucent door.
  2029 | D:3      | Noticed Crazy Yiuf
  2064 | D:3      | Noticed Terence
  2069 | D:3      | Killed Terence
  2166 | D:3      | Noticed Sigmund
  2174 | D:3      | Killed Sigmund
  2175 | D:3      | Gained mutation: You regenerate a little health from kills.
                  | [demonic ancestry]
  2175 | D:3      | Reached XP level 6. HP: 37/50 MP: 6/6
  2497 | D:3      | Killed Crazy Yiuf
  2686 | D:4      | Reached skill level 5 in Fighting
  2713 | D:4      | Found a staircase to the Ecumenical Temple.
  2748 | D:4      | Noticed Ijyb
  2758 | Temple   | Entered the Ecumenical Temple
  2913 | Temple   | Became a worshipper of Nemelex Xobeh the Trickster
  2913 | Temple   | Reached * piety under Nemelex Xobeh
  2913 | Temple   | Received a gift from Nemelex Xobeh
  2913 | Temple   | Reached ** piety under Nemelex Xobeh
  3158 | Temple   | Succumbed to Ijyb's poison

Illustrated notes

Levels and vault maps discovered:
D:1:      saegor_arrival_simple_a, layout_basic, serial_shops, shop
D:2:      layout_basic, shapermc_ecumenical_altar_mp_vishouse
D:3:      layout_loops_ring, minmay_snake_closets, uniq_terence, uniq_robin,
          uniq_sigmund, uniq_crazy_yiuf_cottage
D:4:      layout_cave_pools, gammafunk_temple_overflow_statue,
          minmay_temple_entry_mini_moons, enter_ossuary_5, minmay_door_square,
          patterned_corridor, uniq_eustachio, uniq_ijyb
Temple:   nicolae_temple_superstar

Skill      XL: |  1  2  3  4  5  6 |
---------------+-------------------+-----
Dodging        | 3 4 |  4.5
Maces & Flails | 3 4 |  4.5
Fighting       | 4 5 |  5.1

Action                     |  1- 3 |  4- 6 || total
---------------------------+-------+-------++-------
  Melee: Mace              |    69 |   100 ||   169
         Kick              |    14 |    37 ||    51
    Use: Potion            |       |     1 ||     1
 Armour: Robe              |    19 |    31 ||    50
  Dodge: Dodged            |    45 |    72 ||   117

Table legend: (Time is in decaauts)
 A = Elapsed time spent in this place.
 B = Non-inter-level travel time spent in this place.
 C = Inter-level travel time spent in this place.
 D = Time resting spent in this place.
 E = Time spent auto-exploring this place.
 F = Levels seen in this place.
 G = Mean time per level.
                   A        B        C        D        E       F      G
               +--------+--------+--------+--------+--------+-----+--------+
         Total |   3198 |   3055 |    143 |      0 |   2347 |   5 |  639.6 |
       Dungeon |   2818 |   2675 |    143 |      0 |   2172 |   4 |  704.5 |
        Temple |    379 |    379 |      0 |      0 |    175 |   1 |  379.0 |
               +--------+--------+--------+--------+--------+-----+--------+

Top non-repeatable levels by time:
     D:2: 954 daAuts
     D:3: 912 daAuts
     D:1: 713 daAuts
  Temple: 379 daAuts
     D:4: 237 daAuts
